 Dungeon Crawl Stone Soup version 0.31-a0-174-g85c54bcb58 (webtiles) character file.

Game seed: 17462470837512852199

53 Moral the Covered (level 3, 0/33 HPs)
             Began as a Hill Orc Fighter on June 15, 2023.
             Slain by an ogre
             ... wielding a +0 giant club
              (12 damage)
             ... on level 4 of the Dungeon.
             The game lasted 00:05:11 (882 turns).

Moral the Covered (Hill Orc Fighter)                 Turns: 882, Time: 00:05:12

Health: 0/33       AC: 12    Str: 20    XL:     3   Next: 89%
Magic:  3/3        EV:  9    Int:  8    God:
Gold:   59         SH:  4    Dex: 10    Spells: 2/2 levels left

rFire   . . .        a - +0 war axe
rCold   . . .        c - +0 buckler
rNeg    . . .        b - +0 scale mail
rPois   .            (no helmet)
rElec   .            (no cloak)
rCorr   .            (no gloves)
SInv    .            j - +0 pair of boots
Will    .....        (no amulet) Stlth
                     g - +4 ring of protection
HPRegen 0.25/turn    (no ring)
MPRegen 0.08/turn

%: no passive effects
@: mighty, invisible
A: no striking features
a: no special abilities


You were on level 4 of the Dungeon.
You visited 1 branch of the dungeon, and saw 4 of its levels.

You collected 59 gold pieces.

Inventory:

Hand Weapons
 a - a +0 war axe (weapon)
Armour
 b - a +0 scale mail (worn)
 c - a +0 buckler (worn)
 j - a +0 pair of boots (worn)
Jewellery
 g - a +4 ring of protection (left hand)
Scrolls
 h - a scroll of teleportation
 n - a scroll of enchant armour {unknown}
Potions
 e - a potion of attraction {unknown}
 f - a potion of invisibility
 k - a potion of resistance {unknown}
 m - a potion of heal wounds {unknown}
 o - a potion of curing {unknown}


   Skills:
 + Level 4.0 Fighting
 * Level 3.7 Axes
 * Level 4.0 Armour
 + Level 3.7 Shields


You had 2 spell levels left.
You didn't know any spells.
Your spell library was empty.

Dungeon Overview and Level Annotations

Branches:
Dungeon (4/15)
 Temple: D:4-7

Altars:

Annotations:
D:2 Sigmund


Message History

The ball python barely misses you. The ball python closely misses you.
A gnoll comes into view. It is wielding a +0 club.
As you read the scroll of teleportation, it crumbles to dust.
You feel strangely unstable.
The gnoll shouts!
The ball python bites you but does no damage.
The ball python grabs you. The ball python constricts you.
The ball python barely misses you.
You feel very mighty all of a sudden.
The ball python bites you but does no damage.
The ball python constricts you.
The ball python bites you but does no damage.
You block the ball python's attack. The ball python constricts you.
The gnoll barely misses you.
You slash the gnoll!
You kill the gnoll!
You slash the ball python!
You kill the ball python!
You closely miss the ball python.
Your surroundings suddenly seem different.
An orc comes into view. It is wielding a +0 war axe.
Found a stone staircase leading down.
The orc shouts!
Your Fighting skill increases to level 4!
Your Armour skill increases to level 4!
The orc hits you but does no damage.
You slash the orc!
You kill the orc!
You start resting.
An ogre comes into view. It is wielding a +0 giant club.
An ogre is nearby!
An ogre is nearby!
An ogre is nearby!
The ogre shouts!
You hear a shout!
Things that are here:
a +0 war axe; an orc corpse It was a potion of invisibility.
You fade into invisibility!
The ogre hits you with a +0 giant club!
You die...

### ##.# #8##
#..###
...8##....#
....##...##
....>#.O@#
....##...####
...8###.)##.##
#8## #.......#
# #.......#
#.........#
##........O...
#.....#..##.#.
##..###### ...


You could see an ogre (unable to see you).

Vanquished Creatures
  A gnoll (D:4)
  A worm (D:2)
  3 orcs
  5 ball pythons
  2 endoplasms (D:1)
  A giant cockroach (D:3)
  4 hobgoblins
  2 jackals (D:2)
  A quokka (D:2)
  2 bats (D:1)
  3 frilled lizards
  6 goblins
  3 kobolds
  3 rats
37 creatures vanquished.

Notes
Turn   | Place    | Note
-------+----------+-------------------------------------------
     0 | D:1      | Moral the Hill Orc Fighter began the quest for the Orb.
     0 | D:1      | Reached XP level 1. HP: 19/19 MP: 1/1
    86 | D:1      | Reached XP level 2. HP: 25/27 MP: 2/2
   662 | D:2      | Reached XP level 3. HP: 33/33 MP: 3/3
   774 | D:2      | Noticed Sigmund
   871 | D:4      | Noticed an ogre
   882 | D:4      | Slain by an ogre

Illustrated notes

Levels and vault maps discovered:
D:1:      scummos_arrival_simple_crosswalls, layout_basic,
          hangedman_decor_points
D:2:      layout_rooms, uniq_sigmund
D:3:      layout_basic, mainiacjoe_overflow_tiny_flanked,
          ashenzari_conservatory_becter, serial_shops, nicolae_shop_tiny_glass,
          minmay_unequal
D:4:      layout_cave_pools, lemuel_doored_altar,
          nicolae_overflow_hidden_temple, dancing_weapons_uskayaw,
          nicolae_qazlal_style_of_elements

Skill      XL: |  1  2  3 |
---------------+----------+-----
Axes           | 3 |  3.7
Fighting       | 4 |  4.0
Armour         | 4 |  4.0
Shields        | |  3.7

Action                     || total
---------------------------++-------
  Melee: War axe           ||    72
    Use: Scroll            ||     3
         Potion            ||     2
 Armour: Scale mail        ||    47
  Dodge: Dodged            ||    46
  Block: Buckler           ||    14

Table legend: (Time is in decaauts)
 A = Elapsed time spent in this place.
 B = Non-inter-level travel time spent in this place.
 C = Inter-level travel time spent in this place.
 D = Time resting spent in this place.
 E = Time spent auto-exploring this place.
 F = Levels seen in this place.
 G = Mean time per level.
                   A        B        C        D        E       F      G
               +--------+--------+--------+--------+--------+-----+--------+
         Total |    907 |    907 |      0 |      4 |    600 |   4 |  226.8 |
       Dungeon |    907 |    907 |      0 |      4 |    600 |   4 |  226.8 |
               +--------+--------+--------+--------+--------+-----+--------+

Top non-repeatable levels by time:
     D:1: 621 daAuts
     D:2: 178 daAuts
     D:3: 84 daAuts
     D:4: 23 daAuts
